 Dungeon Crawl Stone Soup version 0.31.0-4-g52a2dc7128 (webtiles) character file.

Game seed: 7877988928496776166

3102 Xavori the Carver (level 10, -5/126 HPs)
             Began as a Djinni Chaos Knight on Jan 22, 2024.
             Was a Plaything of Xom.
             Slain by a blink frog (12 damage)
             ... on level 6 of the Dungeon.
             The game lasted 00:09:10 (15769 turns).

Xavori the Carver (Djinni Chaos Knight)            Turns: 15769, Time: 00:09:11

Health: -5/126     AC:  7    Str:  5 (6)  XL:     10   Next: 13%
Gold:   424        EV: 15    Int: 29      God:    Xom [......] SH:  0 Dex: 23

rFire   + + .        a - +0 falchion (chaos)
rCold   + . .        (no shield)
rNeg    . . .        r - +1 leather armour "Itzazxer" {rC++ Str-4 Int+8}
rPois   ∞            (helmet restricted)
rElec   .            n - +2 cloak
rCorr   .            (no gloves)
SInv    .            (boots unavailable)
Will    +....        s - amulet of faith Stlth
                     p - +6 ring of intelligence
HPRegen 0.41/turn    (no ring)
MPRegen 0.00/turn

%: faith, infuse magic (-6 HP)
@: berserking (expiring), flying, very quick
A: sickness immunity, fire resistance 2, cold vulnerability 1, float, innate
caster, HP casting, extra vitality 1, horns 2, agile 2, clever 1, sense
surroundings 1, robust 2
a: Renounce Religion


You were on level 6 of the Dungeon.
You worshipped Xom.
You were a very special plaything of Xom.
You visited 1 branch of the dungeon, and saw 7 of its levels.

You collected 424 gold pieces.

Inventory:

Hand Weapons
 a - a +0 falchion of chaos (weapon)
Missiles
 v - 2 throwing nets (quivered)
Armour
 b - a +2 leather armour
 k - a scarf of resistance
 n - a +2 cloak (worn)
 r - the +1 leather armour "Itzazxer" (worn) {rC++ Str-4 Int+8}
   (You found it on level 4 of the Dungeon)

   Str-4:     It affects your strength (-4).
   Int+8:     It affects your intelligence (+8).
   rC++:      It greatly protects you from cold.
Jewellery
 p - a +6 ring of intelligence (left hand)
 s - an amulet of faith (around neck)
 t - an amulet of the acrobat
Wands
 x - a wand of charming (1)
Scrolls
 c - 3 scrolls of butterflies
 d - 3 scrolls of poison
 f - 2 scrolls of vulnerability
 g - 3 scrolls of identify
 q - 2 scrolls of teleportation
 u - a scroll of blinking
Potions
 e - a potion of attraction {unknown}
 h - 4 potions of mutation {unknown}
 i - a potion of haste {unknown}
 j - 2 potions of invisibility {unknown}
 l - 3 potions of heal wounds {unknown}
 m - 2 potions of cancellation {unknown}
 o - a potion of curing


   Skills:
 + Level 5.5 Fighting
 + Level 8.2 Long Blades
 + Level 3.0 Armour
 + Level 5.9 Dodging
 + Level 4.4 Stealth
 * Level 3.9 Spellcasting
 * Level 3.9 Conjurations
 * Level 3.9 Hexes
 * Level 3.9 Summonings
 * Level 3.9 Necromancy
 * Level 3.9 Translocations
 * Level 3.9 Fire Magic
 * Level 3.9 Ice Magic
 * Level 3.9 Air Magic
 * Level 3.9 Earth Magic
 * Level 3.9 Alchemy


You knew the following spells:

 Your Spells              Type           Power      Damage    Failure   Level
a - Necrotise             Necr           100%       1d9       2%          1
b - Searing Ray           Conj           56%        2d6       3%          2
c - Gell's Gravitas       Tloc           28%        N/A       7%          3
d - Martyr's Knell        Necr/Summ      28%        N/A       22%         4
Your spell library was empty.

Dungeon Overview and Level Annotations

Branches:
Dungeon (7/15)             Temple (0/1) D:5

Altars:
Dithmenos
Fedhas
Gozag
Hepliaklqana
Nemelex Xobeh
Xom

Shops:
D:3 (

Annotations:
D:5 1 runed translucent door


Innate Abilities, Weirdness & Mutations

You are immune to sickness and miasma.
You are immune to poison.
Your flesh is very heat resistant. (rF++)
You are vulnerable to cold. (rC-)
You float through the air rather than walking.
You learn spells naturally, not from books.
Your magical power is your life essence.
You have superior vitality. (+4 MHP)
You have a pair of horns on your head.
You are very agile. (Dex +8, Str/Int -2)
Your mind is acute. (Int +4, Str/Dex -1)
You passively map a small area around you.
You are very robust. (+20% HP)


Message History

* * * LOW HITPOINT WARNING * * *
The killer bee closely misses you. The killer bee misses you.
You hit the killer bee. You burn the killer bee. You headbutt the killer bee.
The killer bee is heavily wounded.
Xom alters the dungeon around you.
The stone staircase leading down moves from beneath you to beneath the killer bee!
The stone staircase leading down slides away from you!
The killer bee barely misses you. The killer bee closely misses you.
The killer bee barely misses you.
You barely miss the killer bee. Your headbutt misses the killer bee.
The killer bee is heavily wounded.
The killer bee stings you!
* * * LOW HITPOINT WARNING * * *
The killer bee misses you.
The killer bee stings you but does no damage. x2
Unknown command.
You miss the killer bee. The killer bee barely misses you.
The killer bee stings you but does no damage.
The killer bee stings you.
* * * LOW HITPOINT WARNING * * *
You slash the killer bee! You freeze the killer bee.
You kill the killer bee!
The killer bee barely misses you. The killer bee closely misses you.
You miss the killer bee. You headbutt the killer bee.
The killer bee is moderately wounded.
The killer bee barely misses you. The killer bee stings you.
* * * LOW HITPOINT WARNING * * *
You closely miss the killer bee.
The killer bee is moderately wounded.
The killer bee misses you. The killer bee barely misses you.
You hit the killer bee.
The killer bee appears confused.
You headbutt the killer bee!
You kill the killer bee!
You hear Xom's avuncular chuckle.
The killer bee evaporates and reforms as a blink frog!
You slash the blink frog! Your headbutt misses the blink frog.
The blink frog is heavily wounded.
The blink frog hits you!
You die...
Xom is highly amused!

#############
#...........#
######.#########.########
.............<.....)..).#
###.#####...####.######.#
#.# #..#####.# #.# #.#
#......†.# #.# ###.#
#...####@# #.#
....#####...# #F# #.#
###.........####.# #.#
)..###...........# #.#
##.#####.#..####.# #.#
#.##....#..# #.# #.#
#.##.###...# #.# #.#
#.##.# #...# #>#### #.#
#.##.# #..)# #....###.#


You could see a blink frog.

Vanquished Creatures
  The ghost of Curundu the Cleaver, a novice MiBe of Trog (D:5)
  Grinder (D:6)
  A tyrant leech (D:6)
  A culicivora (D:6)
  A wraith (D:6)
  2 water moccasins
  An ice beast (D:4)
  2 black bears
  The ghost of dialectric the Sneak, an amateur MiDe (D:4)
  An ogre (D:6)
  A centaur (D:6)
  2 scorpions
  A burial acolyte (D:5)
  4 wights (D:6)
  3 killer bees
  2 electric eels (D:6)
  A howler monkey (D:5)
  A bombardier beetle (D:5)
  An iron imp (D:6)
  3 jellies
  3 hounds
  A sleepcap (D:6)
  4 iguanas
  2 hound zombies (D:5)
  Robin (D:4)
  10 gnolls
  6 adders
  2 river rats
  2 shadow imps (D:5)
  An ufetubus (D:6)
  An adder zombie (D:5)
  2 dart slugs
  11 orcs
  3 ball pythons
  8 bats
  4 endoplasms
  3 giant cockroaches
  3 gnoll zombies (D:5)
  22 goblins
  9 hobgoblins
  3 jackals (D:3)
  6 kobolds
  8 quokkas
  A frilled lizard (D:3)
  A kobold zombie (D:5)
  5 rats
153 creatures vanquished.

Vanquished Creatures (collateral kills)
  A sleepcap (D:4)
  An adder (D:4)
  An orc (D:4)
3 creatures vanquished.

Grand Total: 156 creatures vanquished

Notes
Turn   | Place    | Note
-------+----------+-------------------------------------------
     0 | D:1      | Xavori the Djinni Chaos Knight began the quest for the Orb.
     0 | D:1      | Reached XP level 1. HP: 20/20 MP: 0/0
   182 | D:1      | You are sucked into a shaft and drop 1 floor!
   204 | D:2      | XOM: divination: magic mapping
   252 | D:1      | Reached XP level 2. HP: 19/25 MP: 0/0
   309 | D:1      | Reached skill level 3 in Long Blades
   316 | D:1      | XOM: divination: detect creatures
   354 | D:1      | XOM: divination: detect creatures
   473 | D:1      | Reached XP level 3. HP: 30/30 MP: 0/0
   473 | D:1      | Learned a level 1 spell: Necrotise
   823 | D:1      | Found a faded altar of an unknown god.
   991 | D:2      | XOM: confuse monster(s)
  1169 | D:2      | Reached XP level 4. HP: 32/35 MP: 0/0
  1223 | D:2      | XOM: 2-stop teleportation journey
  1268 | D:1      | XOM: divination: detect creatures
  1793 | D:1      | XOM: silly message
  2271 | D:1      | XOM: scenery: create altars
  2538 | D:1      | XOM: give mutations
  2538 | D:1      | Gained mutation: Your movements are slightly less
                  | encumbered by armour. (ER -2) [Xom's grace]
  2538 | D:1      | Gained mutation: You are somewhat resistant to further
                  | mutation. [Xom's grace]
  2538 | D:1      | Gained mutation: You have a pair of small horns on your
                  | head. [Xom's grace]
  2574 | D:1      | XOM: scenery: summon butterflies
  2843 | D:1      | XOM: scenery: create altars
  3778 | D:1      | XOM: god gift: 5 stones
  4399 | D:1      | XOM is BORED!
  4665 | D:1      | XOM: scenery: create altars
  4857 | D:1      | XOM: give mutations
  4857 | D:1      | Gained mutation: You have a pair of horns on your head.
                  | [Xom's mischief]
  4857 | D:1      | Gained mutation: You are weak. (Str -2) [Xom's mischief]
  4857 | D:1      | Lost mutation: You are somewhat resistant to further
                  | mutation. [Xom's mischief]
  5285 | D:3      | XOM: give mutations
  5285 | D:3      | Gained mutation: You have hidden genetic defects. [Xom's
                  | mischief]
  5285 | D:3      | Gained mutation: You do not regenerate when monsters are
                  | visible. [Xom's mischief]
  5287 | D:3      | Found Uhoatyst's Weapon Boutique.
  5319 | D:3      | Gained mutation: Your spells are a little easier to cast,
                  | but a little less powerful. [hidden defects]
  5443 | D:1      | XOM: give mutations
  5443 | D:1      | Lost mutation: Your spells are a little easier to cast, but
                  | a little less powerful. [Xom's mischief]
  5443 | D:1      | Lost mutation: Your movements are slightly less encumbered
                  | by armour. (ER -2) [Xom's mischief]
  5443 | D:1      | Lost mutation: You are weak. (Str -2) [Xom's mischief]
  5443 | D:1      | Lost mutation: You have hidden genetic defects. [Xom's
                  | mischief]
  6050 | D:1      | XOM: god gift: 2 glowing golden potions {god gift}
  6155 | D:1      | XOM: god gift: scratched wooden ring {god gift}
  6188 | D:1      | XOM: noise
  6897 | D:1      | XOM: scenery: create altars
  7064 | D:1      | XOM: cloud trail
  7744 | D:1      | XOM: cloud trail
  7932 | D:1      | XOM: noise
  8451 | D:1      | XOM: god gift: scroll labelled BUCEAKERUH {god gift}
  8706 | D:1      | XOM is BORED!
  8706 | D:1      | XOM: noise
  8852 | D:1      | XOM: divination: detect items
  9917 | D:1      | XOM is BORED!
 10059 | D:1      | XOM: god gift: spear {god gift}
 10464 | D:1      | XOM: god gift: book of Ice
 10647 | D:3      | XOM: silly message
 10695 | D:3      | XOM: 1-stop teleportation journey
 10746 | D:3      | Reached XP level 5. HP: 36/40 MP: 0/0
 10746 | D:3      | Learned a level 2 spell: Searing Ray
 10811 | D:3      | Reached skill level 1 in Stealth
 10811 | D:3      | Reached skill level 1 in Spellcasting
 10811 | D:3      | Reached skill level 1 in Conjurations
 10811 | D:3      | Reached skill level 1 in Hexes
 10811 | D:3      | Reached skill level 1 in Summonings
 10811 | D:3      | Reached skill level 1 in Necromancy
 10811 | D:3      | Reached skill level 1 in Translocations
 10811 | D:3      | Reached skill level 1 in Fire Magic
 10811 | D:3      | Reached skill level 1 in Ice Magic
 10811 | D:3      | Reached skill level 1 in Air Magic
 10811 | D:3      | Reached skill level 1 in Earth Magic
 10811 | D:3      | Reached skill level 1 in Alchemy
 11073 | D:3      | Found a hazy altar of Hepliaklqana.
 11374 | D:4      | XOM: silly message
 11381 | D:3      | Reached XP level 6. HP: 33/46 MP: 0/0
 11434 | D:4      | Reached skill level 4 in Long Blades
 11448 | D:4      | Noticed an ice beast
 11449 | D:4      | Noticed Robin
 11461 | D:4      | XOM: potion effect (berserk rage)
 11467 | D:4      | Killed an ice beast
 11480 | D:4      | Reached XP level 7. HP: 48/51 MP: 0/0
 11480 | D:4      | Learned a level 3 spell: Gell's Gravitas
 11487 | D:4      | Killed Robin
 11551 | D:3      | XOM: divination: detect items
 11899 | D:3      | XOM: god gift: 2 silver javelins
 12013 | D:4      | Found a runed translucent gate.
 12013 | D:4      | Found a runed translucent gate.
 12013 | D:4      | Found a runed translucent gate.
 12015 | D:4      | Found an opulent altar of Gozag.
 12018 | D:4      | Noticed dialectric's ghost (amateur MiDe)
 12034 | D:4      | Identified the +1 leather armour "Itzazxer" {rC++ Str-4
                  | Int+8}
 12246 | D:4      | XOM: 2-stop teleportation journey
 12276 | D:4      | XOM: give mutations
 12276 | D:4      | Gained mutation: Your movements are slightly less
                  | encumbered by armour. (ER -2) [Xom's grace]
 12276 | D:4      | Gained mutation: You are agile. (Dex +4, Str/Int -1) [Xom's
                  | grace]
 12276 | D:4      | Gained mutation: You are strong-willed. (Will+) [Xom's
                  | grace]
 12432 | D:4      | XOM: summons 5 friendly demons
 12443 | D:4      | Killed dialectric's ghost
 12523 | D:4      | XOM: scenery: 3 doors close
 12842 | D:3      | XOM: give mutations
 12842 | D:3      | Gained mutation: You are robust. (+10% HP) [Xom's grace]
 12842 | D:3      | Gained mutation: You passively map a small area around you.
                  | [Xom's grace]
 12865 | D:3      | XOM: give mutation
 12865 | D:3      | Lost mutation: You do not regenerate when monsters are
                  | visible. [Xom's mischief]
 12883 | D:5      | Entered Level 5 of the Dungeon
 12907 | D:5      | Reached skill level 5 in Long Blades
 12933 | D:5      | Noticed a water moccasin
 12935 | D:5      | XOM: confuse monster(s)
 12938 | D:5      | Killed a water moccasin
 12953 | D:5      | Reached XP level 8. HP: 48/63 MP: 0/0
 13343 | D:5      | XOM: scenery: summon butterflies
 13644 | D:5      | Found a shadowy altar of Dithmenos.
 13680 | D:5      | Found a runed translucent door.
 13684 | D:5      | Noticed Curundu's ghost (novice MiBe)
 13718 | D:5      | Found a staircase to the Ecumenical Temple.
 13718 | D:5      | Found a runed translucent door.
 13775 | D:5      | Reached skill level 6 in Long Blades
 13785 | D:5      | XOM: cleaving
 13921 | D:5      | XOM: give mutations
 13921 | D:5      | Gained mutation: You are very agile. (Dex +8, Str/Int -2)
                  | [Xom's grace]
 13921 | D:5      | Gained mutation: You are very robust. (+20% HP) [Xom's
                  | grace]
 14105 | D:5      | XOM: divination: detect items
 14108 | D:5      | XOM: scenery: create altars
 14115 | D:5      | Killed Curundu's ghost
 14116 | D:5      | Reached XP level 9. HP: 58/75 MP: 0/0
 14116 | D:5      | Learned a level 4 spell: Martyr's Knell
 14217 | D:6      | XOM: noise
 14525 | D:6      | Noticed a cyclops
 14525 | D:6      | Noticed Grinder
 14534 | D:6      | XOM: enchant monster (good)
 14662 | D:6      | Reached skill level 7 in Long Blades
 14695 | D:6      | XOM: summons friendly shadow imp
 14699 | D:6      | Reached skill level 5 in Dodging
 14705 | D:6      | Reached skill level 5 in Fighting
 14874 | D:6      | XOM: confuse monster(s)
 14876 | D:6      | XOM: scenery: 2 doors close
 14900 | D:6      | Identified the +0 chain mail of Discretion {Harm rPois
                  | Will++ Slay-5}
 14975 | D:6      | Found a blossoming altar of Fedhas.
 15030 | D:6      | Found a sparkling altar of Nemelex Xobeh.
 15037 | D:6      | XOM: god gift: 2 darts of dispersal
 15073 | D:6      | XOM: confuse monster(s)
 15146 | D:6      | XOM: give mutation
 15146 | D:6      | Gained mutation: Your mind is acute. (Int +4, Str/Dex -1)
                  | [Xom's grace]
 15188 | D:6      | XOM: summons 4 hostile shadow creatures
 15290 | D:6      | XOM: summons 3 hostile shadow creatures
 15335 | D:6      | XOM: confuse monster(s)
 15337 | D:6      | a cyclops changed into a tyrant leech
 15337 | D:6      | Noticed a tyrant leech
 15337 | D:6      | XOM: polymorph cyclops -> tyrant leech
 15351 | D:6      | XOM: confusion
 15354 | D:6      | XOM: summons friendly crimson imp
 15368 | D:6      | Killed a tyrant leech
 15369 | D:6      | Reached skill level 8 in Long Blades
 15369 | D:6      | Reached XP level 10. HP: 44/84 MP: 0/0
 15494 | D:6      | Found a shimmering altar of Xom.
 15600 | D:6      | XOM: confusion
 15607 | D:6      | XOM: give mutations
 15607 | D:6      | Lost mutation: Your movements are slightly less encumbered
                  | by armour. (ER -2) [Xom's mischief]
 15607 | D:6      | Lost mutation: You are strong-willed. (Will+) [Xom's
                  | mischief]
 15613 | D:6      | Killed Grinder
 15749 | D:7      | XOM: enchant monster (bad)
 15751 | D:7      | XOM: chaos upgrade
 15758 | D:7      | XOM: stat loss: -1 Str (5/6)
 15758 | D:7      | HP: 4/84 [gnoll/+0 halberd[a gnoll sergeant] (5)]
 15762 | D:6      | XOM: repel stairs
 15768 | D:6      | XOM: polymorph killer bee -> blink frog
 15769 | D:6      | Slain by a blink frog

Illustrated notes

Levels and vault maps discovered:
D:1:      saegor_arrival_fortress, layout_basic,
          shapermc_ecumenical_altar_mp_urbaneastern
D:2:      layout_rooms
D:3:      layout_loops_ring, mainiacjoe_overflow_six_doors_small, serial_shops,
          shop
D:4:      layout_loops_ring, ebering_ghost_gozag, serial_bayou,
          serial_bayou_pond_c, serial_bayou_pond_c, serial_bayou_pond_a,
          serial_bayou_ford_a, uniq_robin
D:5:      layout_loops_ring, regret_index_kikubaaqudgha_part_by_part,
          lemuel_doored_altar, minmay_temple_entry_overgrown,
          ebering_ghost_sewer_f
D:6:      kennysheep_big_flooded_room, layout_loops_ring,
          gammafunk_temple_overflow_wave,
          chequers_temple_overflow_statue_of_worship, lemuel_round_altar,
          uniq_grinder
D:7:      layout_basic, nicolae_uskayaw_dance_hall, enter_ossuary_3,
          minmay_crystal_room, uniq_joseph

Skill      XL: |  1  2  3  4  5  6  7  8  9 |
---------------+----------------------------+-----
Long Blades    | 3 4 5 6 8 |  8.2
Armour         | 2 3 |  3.0
Stealth        | 1 2 4 |  4.4
Spellcasting   | 1 2 3 |  3.9
Conjurations   | 1 2 3 |  3.9
Hexes          | 1 2 3 |  3.9
Summonings     | 1 2 3 |  3.9
Necromancy     | 1 2 3 |  3.9
Translocations | 1 2 3 |  3.9
Fire Magic     | 1 2 3 |  3.9
Ice Magic      | 1 2 3 |  3.9
Air Magic      | 1 2 3 |  3.9
Earth Magic    | 1 2 3 |  3.9
Alchemy        | 1 2 3 |  3.9
Dodging        | 3 4 5 |  5.9
Fighting       | 4 5 |  5.5

Action                     |  1- 3 |  4- 6 |  7- 9 | 10-12 || total
---------------------------+-------+-------+-------+-------++-------
  Melee: Falchion          |    74 |    95 |   312 |    29 ||   510
         Punch             |     1 |     1 |     8 |       ||    10
         Headbutt          |       |    15 |    84 |     8 ||   107
   Cast: Gell's Gravitas   |       |       |     2 |       ||     2
         Martyr's Knell    |       |       |     2 |     1 ||     3
  Evoke: Wand              |       |       |     1 |       ||     1
    Use: Scroll            |       |     2 |     5 |       ||     7
         Potion            |       |       |       |     3 ||     3
   Stab: Confused          |     3 |       |     5 |       ||     8
         Sleeping          |       |     3 |     5 |       ||     8
         Distracted        |       |       |     2 |       ||     2
         Petrifying        |       |       |     2 |       ||     2
         Paralysed         |       |       |     2 |       ||     2
 Armour: Leather armour    |    60 |    50 |   180 |    43 ||   333
  Dodge: Dodged            |    55 |    64 |   241 |    71 ||   431
